 Dungeon Crawl Stone Soup version 0.30-a0-782-ge64f9170bb (webtiles) character file.

Game seed: 14139507105558491026

143090 Lavandula the Tortoise (level 17, 4/140 HPs)
             Began as a Human Monk on Feb 20, 2023.
             Was a Follower of Elyvilon.
             Quit the game on level 2 of the Depths on Feb 21, 2023.
             The game lasted 01:13:00 (35479 turns).

Lavandula the Tortoise (Human Monk)                Turns: 35479, Time: 01:13:01

Health: 4/140      AC: 39    Str: 19    XL:     17   Next: 63%
Magic:  24/24      EV: 11    Int: 15    God:    Elyvilon [*.....]
Gold:   1073       SH:  8    Dex: 11    Spells: 15/16 levels left

rFire   . . .      SeeInvis +    N - +4 scimitar (protect)
rCold   + . .      Faith    .    M - +3 buckler
rNeg    + . .      Spirit   .    u - +8 orange crystal plate armour {Archmagi, Int+3 Clar}
rPois   +          Reflect  .    R - +2 hat "Vimnel" {rN+ SInv}
rElec   .          Harm     .    e - +2 cloak "Xigeh" {rC+ rCorr Dex-4}
rCorr   +          Rampage  .    (no gloves)
Will    +....      Archmagi +    o - +1 pair of boots Stlth Clarity +
                                 (no amulet)
HPRegen 0.43/turn                X - +5 ring of evasion
MPRegen 0.19/turn                Q - ring of poison resistance

@: no status effects
A: no striking features
}: 1/15 runes: decaying
a: Renounce Religion, Purification


You were on level 2 of the Depths.
You worshipped Elyvilon.
Elyvilon was aware of your devotion.
You visited 6 branches of the dungeon, and saw 28 of its levels.
You also visited: Ossuary.

You collected 2269 gold pieces.
You spent 1196 gold pieces at shops.

Inventory:

Hand Weapons
 s - a +2 dagger of electrocution
 N - a +4 scimitar of protection (weapon)
 T - a +3 scimitar of flaming
 U - a +3 long sword of holy wrath
Missiles
 b - 8 datura-tipped darts
 f - 31 poisoned darts
 k - 8 javelins
 m - 7 boomerangs (quivered)
 P - a throwing net
 W - 4 curare-tipped darts
Armour
 e - the +2 cloak "Xigeh" (worn) {rC+ rCorr Dex-4}
   (You bought it in a shop on level 7 of the Dungeon)

   Dex:       It affects your dexterity (-4).
   rC:        It protects you from cold.
   rCorr:     It protects you from acid and corrosion.
 o - a +1 pair of boots (worn)
 u - the +8 orange crystal plate armour (worn) {Archmagi, Int+3 Clar}
   (You found it on level 5 of the Lair of Beasts)

   Int:       It affects your intelligence (+3).
   Clar:      It protects you against confusion.
 M - a +3 buckler (worn)
 R - the +2 hat "Vimnel" (worn) {rN+ SInv}
   (You found it on level 3 of the Lair of Beasts)

   rN:        It protects you from negative energy.
   SInv:      It lets you see invisible.
Jewellery
 x - the ring "Pukurr" {+Blink rCorr MP+9 Int+6 Dex-5}
   (You found it on level 4 of the Dungeon)

   [ring of intelligence]

   Int:       It affects your intelligence (+6).
   Dex:       It affects your dexterity (-5).
   MP:        It affects your magic capacity (+9).
   +Blink:    It lets you blink.
   rCorr:     It protects you from acid and corrosion.
 z - a ring of protection from cold
 D - a +6 ring of dexterity
 K - a ring of protection from fire
 Q - a ring of poison resistance (right hand)
 X - a +5 ring of evasion (left hand)
 Y - an amulet of magic regeneration
 Z - a ring of positive energy
Wands
 n - a wand of quicksilver (1)
 p - a wand of flame (26)
 r - a wand of polymorph (14)
 I - a wand of mindburst (7)
 L - a wand of digging (22)
 O - a wand of charming (20)
 S - a wand of roots (3)
Scrolls
 l - 3 scrolls of identify
 q - 4 scrolls of silence
 v - 10 scrolls of magic mapping
 w - 4 scrolls of poison
 y - 4 scrolls of enchant weapon
 E - a scroll of amnesia
 H - 7 scrolls of vulnerability
 V - 2 scrolls of immolation
Potions
 c - 2 potions of ambrosia
 g - 2 potions of resistance
 h - a potion of might
 i - 7 potions of cancellation
 j - 4 potions of attraction
 A - 6 potions of flight
 F - 3 potions of mutation
 G - 8 potions of lignification
 J - 7 potions of brilliance
Miscellaneous
 a - a box of beasts (inert)
 d - a phantom mirror (inert)


   Skills:
 + Level 14.6 Fighting
 - Level 14.0 Long Blades
 - Level 6.0 Throwing
 - Level 15.0 Armour
 - Level 10.5 Dodging
 - Level 2.0 Stealth
 - Level 6.4 Shields
 - Level 10.2 Invocations
 - Level 8.4 Evocations


You had 15 spell levels left.
You knew the following spells:

 Your Spells              Type           Power      Damage    Failure   Level
a - Apportation           Tloc           0%         N/A       100%        1

Your spell library contained the following spells:

 Spells                   Type           Power      Damage    Failure   Level
 Magic Dart               Conj           0%         1d3       100%        1
 Necrotise                Necr           0%         1d4       100%        1
 Shock                    Conj/Air       0%         1d3       100%        1
 Sting                    Tmut/Pois      0%         1d3       100%        1
 Summon Small Mammal      Summ           0%         N/A       100%        1
 Call Imp                 Summ           0%         N/A       100%        2
 Cigotuvi's Dreadful Rot  Necr/Pois/Air  0%         N/A       100%        2
 Poisonous Vapours        Pois/Air       0%         N/A       100%        2
 Scorch                   Fire           0%         2d5       100%        2
 Static Discharge         Conj/Air       0%         2-2/arc   100%        2
 Call Canine Familiar     Summ           0%         N/A       100%        3
 Hailstorm                Conj/Ice       0%         3d3       100%        3
 Mephitic Cloud           Conj/Pois/Air  0%         N/A       100%        3
 Portal Projectile        Hex/Tloc       0%         N/A       100%        3
 Summon Guardian Golem    Hex/Summ       0%         N/A       100%        3
 Swiftness                Air            0%         N/A       100%        3
 Vhi's Electric Charge    Tloc/Air       0%         N/A       100%        3
 Airstrike                Air            0%         2d(0-16)  100%        4
 Animate Dead             Necr           0%         N/A       100%        4
 Cause Fear               Hex            0%         N/A       100%        4
 Flame Wave               Conj/Fire      0%         2d4       100%        4
 Ice Form                 Ice/Tmut       0%         N/A       100%        4
 Leda's Liquefaction      Hex/Erth       0%         N/A       100%        4
 Olgreb's Toxic Radiance  Pois           0%         N/A       100%        4
 Summon Ice Beast         Ice/Summ       0%         N/A       100%        4
 Alistair's Intoxication  Tmut/Pois      0%         N/A       100%        5
 Arcjolt                  Conj/Air       0%         1d10      100%        5
 Borgnjor's Vile Clutch   Necr/Erth      0%         N/A       100%        5
 Lightning Bolt           Conj/Air       0%         1d11      100%        5
 Summon Forest            Summ/Tloc      0%         N/A       100%        5
 Summon Mana Viper        Hex/Summ       0%         N/A       100%        5
 Death Channel            Necr           0%         N/A       100%        6
 Eringya's Noxious Bog    Tmut/Pois      0%         N/A       100%        6
 Simulacrum               Ice/Necr       0%         N/A       100%        6
 Summon Cactus Giant      Summ           0%         N/A       100%        6
 Monstrous Menagerie      Summ           0%         N/A       100%        7
 Summon Hydra             Summ           0%         N/A       100%        7


Dungeon Overview and Level Annotations

Branches:
Dungeon (15/15)            Temple (1/1) D:5            Lair (5/5) D:8
  Swamp (4/4) Lair:3       Spider (0/4) Lair:2        Slime (0/5) Lair:4
    Orc (0/2) D:9          Vaults (1/5) D:14         Depths (2/4) D:15
Ossuary (visited)

Altars:
Ashenzari
Cheibriados
Dithmenos
Elyvilon
Fedhas
Gozag
Hepliaklqana
Kikubaaqudgha
Makhleb
Nemelex Xobeh
Okawaru
Qazlal
Ru
Sif Muna
Trog
Uskayaw
Vehumet
Wu Jian
Xom
Yredelemnul
Zin
The Shining One
Jiyva

Shops:
D:2 (   D:7 [   D:11 *   D:14 *

Annotations:
D:8 1 transporter
D:9 exclusion: downstairs
D:14 exclusion: ice statue, Roxanne
Lair:2 exclusion: oklob plant
Lair:5 exclusion: oklob plant


Message History

The quicksilver dragon breathes dispelling energy at you.
The bolt of dispelling energy hits you!!
Your magical effects are unravelling.
* * * LOW HITPOINT WARNING * * *
The quicksilver dragon bites you but does no damage.
The quicksilver dragon claws you but does no damage.
You feel yourself slow down.
The quicksilver dragon breathes dispelling energy at you.
The bolt of dispelling energy misses you.
Okay, then.
Okay, then.
You feel better.
The quicksilver dragon breathes dispelling energy at you.
The bolt of dispelling energy hits you but does no damage.
You feel better.
The quicksilver dragon bites you but does no damage.
The quicksilver dragon claws you but does no damage.
The spriggan air mage waves its arms in wide circles.
The air twists around and strikes you!
* * * LOW HITPOINT WARNING * * *
The quicksilver dragon bites you but does no damage.
The quicksilver dragon claws you but does no damage.
The quicksilver dragon attacks as you move away!
The quicksilver dragon bites you!
* * * LOW HITPOINT WARNING * * *
The quicksilver dragon completely misses you.
The spriggan air mage waves its arms in wide circles.
The air twists around and strikes you!! Elyvilon protects you from harm!
You hear a grinding noise.
The quicksilver dragon breathes dispelling energy at you.
The bolt of dispelling energy hits you!
* * * LOW HITPOINT WARNING * * *
Okay, then.
You hear coins being counted.
An interdimensional caravan has stopped on this level and set up a bazaar.
Hurry and find its entrance before they move on!
Welcome back, Lavandula the Human Monk.
Elyvilon says: Go forth and aid the weak!
Press ? for a list of commands and other information.
Are you sure you want to abandon this character and quit the game? (Confirm with "yes".)

*************** *,,,,,,,,,,,,,,
####,,,,,,,,,,<,,,
#..+,~~~~~,,,,,,,, ******
#.#*,~***~,,,,,,,, **,,..#**
#@#*,~***~,,,,,,,,
*,,,,...#####D#*,~**,,,,,,,,,,
**,**.......##D#*,~,,,,~~~~~,,,
*,,***#..##.##i#*,,,,,~~∩**~~,,
***,*****#.....b.#***+,,~*****~,,
,**,**,,*###.#.### *,,,~* *~,,
,,,,**,,*##..#.# *,*,~* *~,,
****,,***#.....#*****,,,~* *~,,
****,,,*##.b##.......,,,~*****~,,


You could see a caustic shrike (extremely poisoned), 2 quicksilver dragons and a
spriggan air mage (repels missiles).

Vanquished Creatures
  A tentacled monstrosity (Swamp:3)
  Mlioglotl (Swamp:2)
  Rupert (D:12)
  Gastronok (Lair:3)
  A tengu reaver (Depths:1)
  2 bunyips (Swamp:3)
  An eleionoma (Swamp:1)
  Fannar (D:12)
  A great orb of eyes (Vaults:1)
  Josephine (Lair:2)
  14 hydras
  2 ice dragons
  Harold (D:10)
  4 ghost crabs
  A centaur warrior (D:9)
  2 two-headed ogres
  3 tengu warriors
  4 boulder beetles
  2 death yaks (Lair:3)
  15 alligators
  A death knight (D:15)
  A dancing weapon (D:14)
  3 spriggan berserkers
  A vampire mage (D:15)
  A skeletal warrior (D:15)
  Lodul (D:14)
  3 goliath frogs
  2 spriggan druids
  3 bog bodies
  A shadow dragon zombie (D:15)
  A tengu zombie (D:15)
  A wizard (D:14)
  A necromancer (D:15)
  Pikel (D:5)
  6 swamp dragons
  A lindwurm (Lair:5)
  2 orc knights (D:15)
  6 cyclopes
  9 ugly things (D:15)
  4 will-o-the-wisps
  3 manticores
  A torpor snail (Lair:5)
  3 elephants
  6 black mambas
  2 gargoyles
  12 cane toads
  An unseen horror (D:10)
  5 rime drakes
  5 komodo dragons
  8 yaktaurs (D:15)
  2 efreet (D:14)
  A tengu conjurer (D:13)
  A guardian mummy (D:15)
  2 meliai (D:14)
  A wind drake (shapeshifter) (D:14)
  A polar bear (Lair:5)
  12 hornets
  6 trolls
  9 tyrant leeches
  16 blink frogs
  4 slime creatures
  A shadow (D:9)
  7 spriggans
  6 wyverns
  A vampire (D:12)
  An ettin skeleton (D:15)
  50 yaks
  7 wraiths
  8 basilisks
  3 steam dragons
  10 vampire mosquitoes
  13 swamp worms
  3 acid dragons
  A glowing shapeshifter zombie (D:15)
  20 water moccasins
  3 orc warriors
  2 sky beasts
  A hornet zombie (Ossuary)
  5 ogres
  6 swamp drakes
  6 wolves (Lair:4)
  4 centaurs
  2 phantoms (D:9)
  4 kobold brigands
  10 bullfrogs
  4 scorpions
  A water moccasin zombie (Ossuary)
  6 wights
  A troll zombie (D:9)
  4 killer bees
  A bullfrog zombie (Ossuary)
  A jelly (D:7)
  8 orc priests
  2 centaur zombies (Ossuary)
  A gnoll bouda (D:7)
  19 mummies (Ossuary)
  An iguana (D:7)
  11 orc wizards
  11 hell rats
  2 killer bee zombies (Ossuary)
  6 ogre zombies (D:9)
  4 gnolls (D:7)
  A howler monkey zombie (Ossuary)
  6 adders
  2 white imps
  3 ufetubi
  A worm (D:2)
  2 dart slugs (D:1)
  26 orcs
  6 ball pythons
  7 endoplasms
  5 giant cockroaches
  6 goblins
  8 hobgoblins
  2 quokkas
  5 bats
  A goblin skeleton (D:9)
  2 goblin zombies (D:9)
  3 hobgoblin zombies (D:9)
  9 kobolds
  4 orc skeletons (D:9)
  11 orc zombies (D:9)
  A rat (D:1)
577 creatures vanquished.

Vanquished Creatures (collateral kills)
  Aizul (Swamp:2)
  4 ogres (D:14)
  2 killer bees (D:7)
  An ogre zombie (D:9)
  A goblin skeleton (D:9)
  A hobgoblin skeleton (D:9)
  An orc skeleton (D:9)
11 creatures vanquished.

Vanquished Creatures (others)
  A fire dragon (Depths:1)
  3 hydras
  A dancing weapon (D:14)
  An alligator (Swamp:1)
  2 swamp dragons (Swamp:4)
  2 lindwurms (Lair:5)
  A manticore (Lair:5)
  3 torpor snails (Lair:5)
  2 rime drakes
  A tyrant leech (Lair:5)
  3 bloated husks
  A hornet (Lair:5)
  2 yaks
  A vampire mosquito (D:12)
  2 swamp worms
  A black bear (D:6)
  2 wights (D:7)
  An orc priest (D:6)
  5 orcs
  2 kobolds (D:10)
  An orc zombie (D:9)
  31 foxfires
  27 fungi
  21 plants
  14 withered plants
131 creatures vanquished.

Grand Total: 719 creatures vanquished

Notes
Turn   | Place    | Note
-------+----------+-------------------------------------------
     0 | D:1      | Lavandula the Human Monk began the quest for the Orb.
     0 | D:1      | Reached XP level 1. HP: 18/18 MP: 1/1
   220 | D:1      | Reached XP level 2. HP: 22/24 MP: 2/2
   977 | D:2      | Reached XP level 3. HP: 29/29 MP: 3/3
  1170 | D:2      | Found Qolahinod's Weapon Boutique.
  1174 | D:2      | Bought 4 datura-tipped darts for 43 gold pieces
  1234 | D:2      | You are sucked into a shaft and drop 1 floor!
  1427 | D:3      | Found a stormy altar of Qazlal.
  1507 | D:3      | Reached XP level 4. HP: 35/35 MP: 4/4
  1570 | D:3      | Found a hazy altar of Hepliaklqana.
  2301 | D:2      | Found a broken altar of Ashenzari.
  2356 | D:2      | Reached skill level 5 in Long Blades
  2852 | D:4      | Noticed an ogre
  2940 | D:4      | Found a bloodstained altar of Trog.
  2965 | D:4      | Identified the ring "Pukurr" {+Blink rCorr MP+9 Int+6
                  | Dex-5}
  3072 | D:4      | Killed an ogre
  3073 | D:4      | Reached XP level 5. HP: 7/41 MP: 5/5
  3271 | D:4      | Reached XP level 6. HP: 47/47 MP: 6/6
  3562 | D:4      | Noticed Sigmund
  3581 | D:4      | Sigmund changed into Sigmund the scorpion
  3581 | D:4      | Noticed Sigmund
  3601 | D:4      | Killed Sigmund the scorpion
  3758 | D:4      | Found a snail-covered altar of Cheibriados.
  3837 | D:5      | Entered Level 5 of the Dungeon
  3904 | D:5      | Noticed a water moccasin
  4086 | D:5      | Found a sand-covered staircase.
  4095 | Ossuary  | Entered an ossuary
  4119 | Ossuary  | Reached XP level 7. HP: 40/52 MP: 7/7
  4262 | Ossuary  | HP: 1/52 [killer bee zombie (2)]
  4421 | Ossuary  | Reached XP level 8. HP: 26/58 MP: 8/8
  5268 | D:5      | Noticed Pikel
  5312 | D:5      | Killed Pikel
  5313 | D:5      | Reached XP level 9. HP: 11/64 MP: 9/9
  5544 | D:5      | Found a burning altar of Makhleb.
  5622 | D:5      | Found a staircase to the Ecumenical Temple.
  5640 | Temple   | Entered the Ecumenical Temple
  5707 | Temple   | Became a worshipper of Elyvilon the Healer
  5707 | Temple   | Reached * piety under Elyvilon
  5707 | Temple   | Reached ** piety under Elyvilon
  5791 | D:5      | Reached skill level 1 in Invocations
  6835 | D:6      | Reached skill level 5 in Invocations
  7236 | D:6      | Reached *** piety under Elyvilon
  7621 | D:7      | Found a radiant altar of Vehumet.
  7621 | D:7      | Found an ancient bone altar of Kikubaaqudgha.
  7621 | D:7      | Found an ornate altar of the Wu Jian Council.
  7621 | D:7      | Found a hide-covered altar of Uskayaw.
  7631 | D:7      | Found an iron altar of Okawaru.
  7631 | D:7      | Found a sacrificial altar of Ru.
  7860 | D:7      | Found Ucaphoh's Antique Armour Shop.
  7863 | D:7      | Bought a glimmering cloak for 247 gold pieces
  7863 | D:7      | Identified the +2 cloak "Xigeh" {rC+ rCorr Dex-4} (You
                  | bought it in a shop on level 7 of the Dungeon)
  8081 | D:7      | Reached skill level 1 in Shields
  8335 | D:7      | Reached XP level 10. HP: 37/70 MP: 15/15
  8765 | D:8      | Found a staircase to the Lair.
  8990 | D:8      | Found a transporter.
  9058 | D:8      | Noticed a two-headed ogre
  9119 | D:8      | Reached skill level 5 in Shields
  9243 | D:8      | Reached **** piety under Elyvilon
  9327 | D:8      | Found an opulent altar of Gozag.
  9575 | D:9      | Noticed a tengu warrior
  9815 | D:10     | Entered Level 10 of the Dungeon
  9857 | D:10     | Noticed an unseen horror
  9862 | D:10     | Noticed a red ugly thing
  9866 | D:10     | Pacified a red ugly thing
  9883 | D:10     | Killed an unseen horror
 10131 | D:10     | Noticed a kobold demonologist
 10131 | D:10     | Noticed a kobold demonologist
 10133 | D:10     | Noticed a sun demon
 10133 | D:10     | Noticed a rust devil
 10134 | D:10     | Pacified a kobold demonologist
 10139 | D:10     | Noticed an orange demon
 10141 | D:10     | Noticed a smoke demon
 10142 | D:10     | Reached XP level 11. HP: 73/75 MP: 13/18
 10143 | D:10     | Reached skill level 10 in Invocations
 10280 | D:10     | Reached skill level 10 in Long Blades
 10345 | D:10     | Noticed Harold
 10357 | D:10     | Killed Harold
 10847 | D:11     | Identified the +6 war axe of Purpose {flame, rC+}
 11027 | D:11     | Noticed a boulder beetle
 11041 | D:11     | Pacified a boulder beetle
 11743 | D:11     | Found Plog's General Store.
 11752 | D:11     | Bought a potion of haste for 130 gold pieces
 11752 | D:11     | Bought a potion of berserk rage for 65 gold pieces
 11752 | D:11     | Bought a scroll of identify for 26 gold pieces
 12100 | D:12     | Noticed a cyan ugly thing
 12103 | D:12     | Pacified a cyan ugly thing
 12130 | D:12     | Noticed a cyclops
 12143 | D:12     | Killed a cyclops
 12223 | D:12     | Reached XP level 12. HP: 54/81 MP: 19/19
 12380 | D:12     | Got Sif Muna's Grimoire of the Apprentice
 12487 | D:12     | Identified the +5 short sword of Ecsuedeh {antimagic, Dex+3
                  | SInv}
 12814 | D:12     | Noticed Fannar
 12903 | D:12     | Killed Fannar
 12943 | D:12     | Noticed Rupert
 13031 | Lair:1   | Entered Level 1 of the Lair of Beasts
 13173 | Lair:1   | Reached ***** piety under Elyvilon
 13490 | Lair:1   | Reached skill level 1 in Armour
 13501 | Lair:1   | Reached skill level 2 in Armour
 13521 | Lair:1   | Reached skill level 3 in Armour
 13820 | Lair:1   | Reached skill level 4 in Armour
 13948 | Lair:1   | Reached skill level 5 in Armour
 14648 | Lair:2   | Reached skill level 6 in Armour
 14736 | Lair:2   | Reached skill level 7 in Armour
 14789 | Lair:2   | Identified the +5 scale mail "Vuhoekux" {Str+2 Slay+3}
 14964 | Lair:2   | Found a hole to the Spider Nest.
 14999 | Lair:2   | Reached XP level 13. HP: 87/87 MP: 20/20
 15059 | Lair:2   | Reached skill level 5 in Dodging
 15127 | Lair:2   | Noticed a six-headed hydra
 15130 | Lair:2   | Pacified a six-headed hydra
 15157 | Lair:2   | Learned a level 1 spell: Apportation
 15551 | Lair:3   | Noticed Josephine
 15611 | Lair:2   | Killed Josephine
 15762 | Lair:3   | Noticed Gastronok
 15777 | Lair:3   | Killed Gastronok
 15940 | Lair:3   | Identified the +2 hat "Vimnel" {rN+ SInv}
 16250 | Lair:3   | Reached skill level 10 in Dodging
 16608 | Lair:3   | Reached skill level 8 in Armour
 16738 | Lair:3   | Found a staircase to the Swamp.
 16951 | Lair:4   | Reached XP level 14. HP: 93/93 MP: 21/21
 17024 | Lair:4   | Reached skill level 1 in Evocations
 17352 | Lair:4   | Found a viscous altar of Jiyva.
 17352 | Lair:4   | Found a staircase to the Slime Pits.
 17977 | Lair:5   | Entered Level 5 of the Lair of Beasts
 18044 | Lair:5   | Reached ****** piety under Elyvilon
 18253 | Lair:5   | Reached skill level 5 in Evocations
 18698 | Lair:5   | Reached skill level 5 in Fighting
 18980 | Lair:5   | Noticed a dire elephant
 18981 | Lair:5   | Pacified a dire elephant
 19187 | Lair:5   | Found the +8 orange crystal plate armour {Archmagi, Int+3
                  | Clar}
 19576 | Lair:5   | Found a runed translucent door.
 19616 | Lair:5   | Paralysed by a hornet for 3 turns
 19636 | Lair:5   | Reached skill level 9 in Armour
 20029 | Lair:5   | Paralysed by a hornet for 1 turns
 20319 | Lair:5   | Reached skill level 10 in Armour
 20954 | D:9      | Found a staircase to the Orcish Mines.
 21418 | D:9      | Reached XP level 15. HP: 87/108 MP: 22/22
 21570 | D:9      | Reached skill level 11 in Armour
 21859 | D:12     | Killed Rupert
 22556 | D:13     | Reached skill level 12 in Armour
 23284 | D:14     | Noticed Roxanne
 23447 | D:14     | Noticed Lodul
 23471 | D:14     | Reached skill level 13 in Armour
 23483 | D:14     | Killed Lodul
 23839 | D:14     | Found a gate to the Vaults.
 24415 | D:14     | Found Bett's Assorted Antiques.
 24424 | D:14     | Bought a potion of mutation for 264 gold pieces
 24424 | D:14     | Bought a scroll labelled ESTOGG DELU for 33 gold pieces
 24424 | D:14     | Bought a scroll of identify for 66 gold pieces
 24999 | D:15     | Entered Level 15 of the Dungeon
 25093 | D:15     | Reached skill level 14 in Armour
 25652 | Swamp:1  | Entered Level 1 of the Swamp
 26493 | Swamp:1  | Reached skill level 15 in Armour
 26696 | Swamp:1  | Reached XP level 16. HP: 115/115 MP: 20/23
 27287 | Swamp:2  | Noticed Mlioglotl
 27291 | Swamp:2  | Noticed a bone dragon
 27292 | Swamp:2  | Noticed a bone dragon
 27330 | Swamp:2  | Killed Mlioglotl
 28211 | Swamp:2  | HP: 5/115 [acid (4)]
 28614 | Swamp:3  | Noticed Aizul
 28697 | Swamp:2  | Killed Aizul
 29462 | Swamp:3  | Found a bloodstained altar of Trog.
 30194 | Swamp:4  | Entered Level 4 of the Swamp
 30753 | Swamp:4  | Noticed a tentacled monstrosity
 30774 | Swamp:3  | Killed a tentacled monstrosity
 30775 | Swamp:3  | Reached skill level 10 in Fighting
 31481 | Swamp:4  | Noticed Nikola
 31491 | Swamp:4  | Nikola changed into Nikola the caustic shrike
 31491 | Swamp:4  | Noticed Nikola
 31494 | Swamp:4  | Pacified Nikola the caustic shrike
 31827 | Swamp:4  | Noticed a thorn hunter
 31833 | Swamp:4  | Pacified a thorn hunter
 31852 | Swamp:4  | Reached XP level 17. HP: 95/133 MP: 24/24
 32464 | Swamp:4  | Noticed a thorn hunter
 32469 | Swamp:4  | Pacified a thorn hunter
 32828 | Swamp:4  | Got a decaying rune of Zot
 33072 | D:7      | Bought a runed buckler for 195 gold pieces
 33164 | D:11     | Bought a wand of mindburst (7) for 127 gold pieces
 33276 | Vaults:1 | Entered Level 1 of the Vaults
 33713 | D:15     | Found a staircase to the Depths.
 34829 | Depths:1 | Entered Level 1 of the Depths
 35158 | Depths:1 | Noticed a tengu reaver
 35185 | Depths:1 | Killed a tengu reaver
 35455 | Depths:2 | Noticed a quicksilver dragon
 35455 | Depths:2 | Noticed a caustic shrike
 35459 | Depths:2 | Noticed a quicksilver dragon
 35460 | Depths:2 | Noticed a tengu reaver
 35477 | Depths:2 | Elyvilon protects you from harm!
 35478 | Depths:2 | HP: 4/140 [quicksilver dragon/bolt of dispelling energy
                  | (11)]
 35479 | Depths:2 | Quit the game

Illustrated notes

Levels and vault maps discovered:
D:1:      saegor_arrival_simple_a, layout_basic
D:2:      layout_loops_ring, basic_altar, serial_shops, shop,
          ebering_dispersal_statue_hall, minmay_misc_feat_doors
D:3:      layout_basic, mainiacjoe_overflow_brackets,
          mainiacjoe_overflow_24_doors
D:4:      layout_rooms, chei_slow_surprise, trog_three_pillars_becter,
          kennysheep_generic_room_9, uniq_sigmund
D:5:      layout_loops_ring, general_overflow_altar,
          minmay_temple_entry_offerings, nicolae_ossuary_entry_monument,
          uniq_pikel
D:6:      layout_basic, nicolae_benzene_ring, minmay_hedge_maze,
          grunt_ministairs_6
D:7:      layout_basic, minmay_overflow_temple_hex, serial_shops,
          nicolae_shop_behind_doors
D:8:      layout_basic, lemuel_doored_altar, lair_entry_dummy,
          nicolae_diode_basic
D:9:      layout_grid_maze, zombieorc2_lemuel
D:10:     layout_loops_ring, minivault_20, dk_noncrumbling_3, uniq_harold
D:11:     layout_irregular_city, serial_shops, nicolae_lakefront_shop,
          kennysheep_dice
D:12:     layout_roguey, uniq_rupert, uniq_fannar
D:13:     layout_gridville, grunt_ministairs_7, corner_web_ring
D:14:     layout_loops_ring, erik_vaults_1, serial_shops,
          nicolae_lakefront_shop, minivault_16, uniq_lodul, uniq_roxanne
D:15:     gammafunk_depths_entry_grave, layout_basic, minmay_misc_feat_square
Temple:   zaba_magenta_temple
Lair:1:   layout_layer_cave
Lair:2:   minmay_lair_oklob_chamber, layout_chaotic_city,
          spider_nest_entry_web_field
Lair:3:   layout_roguey, minmay_swamp_entry_worms, st_stairs_5,
          beast_lair_carwin_6, uniq_josephine, uniq_gastronok
Lair:4:   layout_cave_pods, slime_entry_1, chequers_serial_rivers_micro_b,
          grunt_megastairs_2
Lair:5:   wormcave, layout_loops_ring, hangedman_lair_in_review,
          grunt_forest_stairs_basic, minmay_lair_oklob_items, lemuel_fruit_tree
Swamp:1:  layout_falls_marsh, nicolae_swamp_little_swirl, swamp_pool2,
          infiniplex_staircase_pool
Swamp:2:  layout_basic_swamp, nicolae_swamp_bean_lake, uniq_mlioglotl
Swamp:3:  layout_basic_swamp, nicolae_swamp_godswood, uniq_aizul
Swamp:4:  swamp_basic_johnstein, layout_basic_swamp, swamp_pool5, uniq_nikola
Vaults:1: hangedman_vaults_unwind, v_misc_25, ontoclasm_vaults_twist,
          hangedman_vaults_corner_blocks, ontoclasm_vaults_eye, v_rooms_6,
          nicolae_vaults_murderbox, v_rooms_1, nicolae_vaults_inception_corners,
          vaults_room_stairs_pillars, v_misc_22,
          nicolae_vaults_little_squares_2, nicolae_vaults_alarming,
          nicolae_vaults_little_squares_2, layout_vaults_omnibox
Depths:1: layout_basic, enter_ziggurat_c, abyss_entry, minmay_misc_feat_pillars,
          hellmouth_3, nicolae_sif_muna_condensation
Depths:2: minmay_four_inscribed_fans, layout_gridlike, abyss_entry,
          serial_shops, bzr_entry_water, rand_demon_pan_entry_9,
          hangedman_coc_ice_floe, serial_sigils, serial_sigils_hangedman_quiver,
          serial_sigils_hangedman_quiver

Skill      XL: |  1  2  3  4  5  6  7  8  9 10 11 12 13 14 15 16 17 |
---------------+----------------------------------------------------+-----
Long Blades    | 4 6 7 8 9 12 14 | 14.0
Throwing       | 6 |  6.0
Invocations    | 6 9 10 | 10.2
Shields        | 2 6 |  6.4
Armour         | 7 8 10 15 | 15.0
Dodging        | 10 | 10.5
Evocations     | 5 8 |  8.4
Fighting       | 7 11 14 | 14.6
Stealth        | |  2.0

Action                     |  1- 3 |  4- 6 |  7- 9 | 10-12 | 13-15 | 16-18 || total
---------------------------+-------+-------+-------+-------+-------+-------++-------
  Melee: Falchion          |    80 |   166 |   355 |       |       |       ||   601
         Punch             |     1 |     2 |     5 |       |       |       ||     8
         Scimitar          |       |       |    31 |   718 |  1495 |  1204 ||  3448
         Long sword        |       |       |       |       |       |    83 ||    83
  Throw: Dart              |       |     2 |    11 |    22 |     1 |       ||    36
         Boomerang         |       |       |    55 |    24 |     6 |     3 ||    88
         Javelin           |       |       |     1 |       |       |       ||     1
         Throwing net      |       |       |       |     2 |     1 |     4 ||     7
 Invoke: Heal Other        |       |       |     3 |    16 |    57 |    16 ||    92
         Heal Self         |       |       |       |       |     4 |     3 ||     7
         Purification      |       |       |       |       |       |     1 ||     1
  Evoke: Wand              |       |     2 |       |     6 |     4 |    13 ||    25
         Box of beasts     |       |       |       |       |     2 |     3 ||     5
         Phantom mirror    |       |       |       |       |       |     5 ||     5
    Use: Potion            |       |     4 |     4 |       |     4 |    17 ||    29
         Scroll            |       |     5 |     6 |     9 |     8 |     5 ||    33
   Stab: Sleeping          |     1 |       |     3 |     4 |       |       ||     8
         Held in net/web   |       |       |       |     3 |     1 |     4 ||     8
         Distracted        |       |       |       |     1 |       |       ||     1
 Armour: Robe              |     1 |       |       |       |       |       ||     1
         Ring mail         |    25 |    61 |    57 |       |       |       ||   143
         Skin              |       |     4 |    17 |       |       |       ||    21
         Troll leather arm |       |       |    14 |   167 |    19 |       ||   200
         Scale mail        |       |       |       |       |   170 |       ||   170
         Crystal plate arm |       |       |       |       |   645 |  1055 ||  1700
  Dodge: Dodged            |    39 |   115 |   196 |   377 |   826 |   558 ||  2111
  Block: Buckler           |       |       |     9 |   223 |   562 |   511 ||  1305

Table legend: (Time is in decaauts)
 A = Elapsed time spent in this place.
 B = Non-inter-level travel time spent in this place.
 C = Inter-level travel time spent in this place.
 D = Time resting spent in this place.
 E = Time spent auto-exploring this place.
 F = Levels seen in this place.
 G = Mean time per level.
                   A        B        C        D        E       F      G
               +--------+--------+--------+--------+--------+-----+--------+
         Total |  34983 |  32886 |   2097 |   7239 |  18636 |  29 | 1206.3 |
       Dungeon |  18507 |  17306 |   1201 |   2193 |  11665 |  15 | 1233.8 |
        Temple |    120 |    102 |     18 |      0 |     73 |   1 |  120.0 |
          Lair |   8161 |   7591 |    570 |   1371 |   4531 |   5 | 1632.2 |
         Swamp |   6594 |   6289 |    305 |   2788 |   2149 |   4 | 1648.5 |
        Vaults |    149 |    149 |      0 |    125 |      0 |   1 |  149.0 |
        Depths |    445 |    445 |      0 |    273 |     13 |   2 |  222.5 |
       Ossuary |   1004 |   1004 |      0 |    488 |    205 |   1 | 1004.0 |
               +--------+--------+--------+--------+--------+-----+--------+

Top non-repeatable levels by time:
  Lair:5: 2416 daAuts
 Swamp:4: 2117 daAuts
    D:14: 1918 daAuts
    D:15: 1824 daAuts
 Swamp:3: 1789 daAuts
  Lair:3: 1705 daAuts
    D:11: 1568 daAuts
  Lair:1: 1513 daAuts
 Swamp:1: 1480 daAuts
     D:6: 1452 daAuts
  Lair:2: 1343 daAuts
     D:9: 1284 daAuts
    D:12: 1261 daAuts
     D:8: 1227 daAuts
 Swamp:2: 1207 daAuts
